 Dungeon Crawl Stone Soup version 0.23-a0-488-g5fd82c5 (webtiles) character file.

22 MalarOregon the Insei (level 2, -3/22 HPs)
             Began as a Merfolk Transmuter on Dec 2, 2018.
             Slain by an adder (4 damage)
             ... on level 2 of the Dungeon.
             The game lasted 00:01:37 (509 turns).

MalarOregon the Insei (Merfolk Transmuter)           Turns: 509, Time: 00:01:38

Health: -3/22      AC:  2    Str: 10    XL:     2   Next: 91%
Magic:  5/5        EV: 13    Int: 12    God:
Gold:   26         SH:  0    Dex: 16    Spells: 2/5 levels left

rFire    . . .     SeeInvis .     - Unarmed
rCold    . . .     Gourm    .   (no shield)
rNeg     . . .     Faith    .   b - +0 robe
rPois    .         Spirit   .   (no helmet)
rElec    .         Reflect  .   (no cloak)
rCorr    .         Harm     .   (no gloves)
MR       +....                  (no boots)
Stlth    +.........             (no amulet)
HPRegen  0.07/turn              (no ring)
MPRegen  0.09/turn              (no ring)

@: lethally poisoned (-3 -> -6)
A: change form in water, swift swim, stealthy swim, agile 1, magic resistance 1
a: no special abilities


You were on level 2 of the Dungeon.
You were not hungry.

You visited 1 branch of the dungeon, and saw 2 of its levels.

You collected 26 gold pieces.

Inventory:

Missiles
 a - 12 arrows
Armour
 b - a +0 robe (worn)
 d - a cursed +0 leather armour
   (You found it on level 1 of the Dungeon)
Scrolls
 h - a scroll of blinking {unknown}
Potions
 g - a potion of mutation {!q}
Comestibles
 c - 2 chunks of flesh
 e - a ration {!d}


   Skills:
 * Level 1.7 Fighting
 + Level 0.3 Armour
 + Level 2.9 Dodging
 + Level 3.4 Unarmed Combat
 + Level 2.1 Spellcasting
 * Level 3.3 Transmutations


You had 2 spell levels left.
You knew the following spells:

 Your Spells              Type           Power        Failure   Level  Hunger
a - Beastly Appendage     Tmut           #.....       7%          1    ##.....
s - Sticks to Snakes      Tmut           #.......     11%         2    ###....

Your spell library contained the following spells:

 Spells                   Type           Power        Failure   Level  Hunger
 Spider Form              Tmut/Pois      #.........   38%         3    ####...
 Ice Form                 Ice/Tmut       #.......     80%         4    #####..
 Blade Hands              Tmut           #.........   88%         5    ######.


Dungeon Overview and Level Annotations

Branches:
Dungeon (1/15)

Altars:


Innate Abilities, Weirdness & Mutations

You revert to your normal form in water.
You are very nimble and swift while swimming.
You are very stealthy in the water. (Stealth+)
You are agile. (Dex +2)
You are resistant to hostile enchantments. (MR+)


Message History

You hit the goblin. The bat closely misses you.
The hobgoblin barely misses you. The goblin misses you.
You hit the goblin.
You kill the goblin!
The bat barely misses you. The hobgoblin closely misses you. The bat hits you.
The bat misses you.
Things that are here:
a +0 club; a goblin corpse You completely miss the bat.
The bat closely misses you. The bat hits you but does no damage.
You hit the bat.
You kill the bat!
You hit the hobgoblin. You headbutt the hobgoblin. The hobgoblin misses you.
You barely miss the hobgoblin. You hit the hobgoblin but do no damage.
Your headbutt misses the hobgoblin. You punch the hobgoblin.
You kill the hobgoblin!
Your transformation is almost over.
Some of the chunks of flesh in your inventory have rotted away.
You hit the adder but do no damage. The adder misses you. x2
You hit the adder. You headbutt the adder. The adder barely misses you.
You closely miss the adder. The adder barely misses you.
You closely miss the adder. The adder closely misses you.
You hit the adder. The adder closely misses you. The adder barely misses you.
You closely miss the adder. Your headbutt misses the adder.
The adder closely misses you.
You hit the adder. The adder bites you.
You closely miss the adder. The adder closely misses you.
You closely miss the adder. The adder bites you.
* * * LOW HITPOINT WARNING * * *
You are poisoned.
The adder poisons you!
You miss the adder. You headbutt the adder.
You feel sick. The adder bites you.
* * * LOW HITPOINT WARNING * * *
You miss the adder.
Your horns disappear.
The adder bites you.
* * * LOW HITPOINT WARNING * * *
The adder closely misses you.
It was a potion of mutation.
You feel extremely strange.
You feel frail.
You feel resistant to hostile enchantments.
You feel agile.
You feel robust. The adder closely misses you.
It was a potion of cancellation.
You feel magically purged. The adder barely misses you.
* * * LOW HITPOINT WARNING * * *
You feel sick. The adder misses you.
You closely miss the adder. The adder bites you.
You die...

#.#### .....#
#.##.# #.##.#
#.##@# . #
#.##S# ...
#.##.##†#.....
#...........#
####.#.##.#.#
#.#.# .#
#........
###>##<#. #.#
.#


You could see an adder.

Vanquished Creatures
  2 giant cockroaches (D:1)
  5 goblins
  5 hobgoblins
  3 bats
  2 frilled lizards (D:1)
  2 rats (D:1)
19 creatures vanquished.

Notes
Turn   | Place    | Note
-------+----------+-------------------------------------------
     0 | D:1      | MalarOregon the Merfolk Transmuter began the quest for the
                  | Orb.
     0 | D:1      | Reached XP level 1. HP: 15/15 MP: 3/3
   214 | D:1      | Reached XP level 2. HP: 20/21 MP: 3/5
   225 | D:1      | Learned a level 2 spell: Sticks to Snakes
   476 | D:1      | You fall through a shaft!
   506 | D:2      | Gained mutation: You are frail. (-10% HP) [potion of
                  | mutation]
   506 | D:2      | Gained mutation: You are resistant to hostile enchantments.
                  | (MR+) [potion of mutation]
   506 | D:2      | Gained mutation: You are agile. (Dex +2) [potion of
                  | mutation]
   506 | D:2      | Lost mutation: You are frail. (-10% HP) [potion of
                  | mutation]
   508 | D:2      | HP: 1/22 [poisoned by an adder]
   509 | D:2      | Slain by an adder

Vault maps used:
D:1:      lightli_iron_boxes, lemuel_another_geyser
D:2:      gammafunk_temple_of_torment

Skill      XL: |  1 |
---------------+----+-----
Transmutations | 3 |  3.3
Fighting       | |  1.7
Armour         | |  0.3
Dodging        | |  2.9
Unarmed Combat | |  3.4
Spellcasting   | |  2.1

Action                   || total
-------------------------++-------
Melee: Unarmed           ||    63
       Punch             ||     2
       Headbutt          ||     6
 Cast: Beastly Appendage ||     8
  Use: Potion            ||     2
Armor: Robe              ||     9
Dodge: Dodged            ||    50

Table legend:
 A = Non-vault XP
 B = Vault XP
 C = Vault XP percentage of total XP
 D = Non-vault monster count
 E = Vault monster count
 F = Vault count percentage of total count
                 A         B        C        D         E       F
            +---------+---------+-------+---------+---------+-------
      Total |      32 |       0 |   0.0 |      19 |       0 |   0.0
            +---------+---------+-------+---------+---------+-------
        D:1 |      26 |       0 |   0.0 |      16 |       0 |   0.0
        D:2 |       6 |       0 |   0.0 |       3 |       0 |   0.0
            +---------+---------+-------+---------+---------+-------
